 Dungeon Crawl Stone Soup version 0.23-a0-558-g30802b1 (webtiles) character file.

1848 zishaf the Changer (level 9, 0/54 HPs)
             Began as a Tengu Transmuter on Dec 12, 2018.
             Was a Follower of Makhleb.
             Slain by a killer bee (6 damage)
             ... on level 7 of the Dungeon.
             The game lasted 00:16:12 (8987 turns).

zishaf the Changer (Tengu Transmuter)               Turns: 8987, Time: 00:16:12

Health: 0/54       AC:  9    Str: 11    XL:     9   Next: 12%
Magic:  13/13      EV: 12    Int: 17    God:    Makhleb [*.....]
Gold:   297        SH:  6    Dex: 14    Spells: 4/12 levels left

rFire    . . .     SeeInvis .   y - +3 quarterstaff (chaos)
rCold    . . .     Gourm    .   (shield currently unavailable)
rNeg     + . .     Faith    .   C - +1 ring mail "Imu Kext" {rElec}
rPois    .         Spirit   .   (helmet restricted)
rElec    +         Reflect  +   v - +0 cloak
rCorr    .         Harm     .   j - +0 pair of gloves
MR       .....                  (boots unavailable)
Stlth    +.........             n - +6 amulet of reflection
HPRegen  0.18/turn              c - ring of positive energy
MPRegen  0.13/turn              (no ring)

@: lethally poisoned (0 -> -3)
A: beak, talons 3, able to fly 1
a: Fly, Renounce Religion


You were on level 7 of the Dungeon.
You worshipped Makhleb.
Makhleb was aware of your devotion.
You were not hungry.

You visited 2 branches of the dungeon, and saw 8 of its levels.

You collected 297 gold pieces.

Inventory:

Hand Weapons
 y - a +3 quarterstaff of chaos (weapon)
Missiles
 a - 32 arrows
 h - 7 tomahawks (quivered)
 A - 2 curare-tipped needles
Armour
 j - a +0 pair of gloves (worn)
 v - a +0 cloak (worn)
 C - the +1 ring mail "Imu Kext" (worn) {rElec}
   (You found it on level 5 of the Dungeon)

   It insulates you from electricity.
Jewellery
 c - a ring of positive energy (left hand)
 n - a +6 amulet of reflection (around neck)
 B - an uncursed amulet of regeneration {unknown}
Wands
 D - a wand of acid (10)
 E - a wand of random effects (23)
 F - a wand of digging (4)
Scrolls
 b - 3 scrolls of identify {unknown}
 g - a scroll of enchant armour {unknown}
 l - 2 scrolls of immolation {unknown}
 p - a scroll of blinking {unknown}
 r - 3 scrolls of fear {unknown}
 t - 3 scrolls of remove curse {unknown}
 w - 2 scrolls of magic mapping {unknown}
Potions
 e - a potion of mutation {unknown}
 f - a potion of degeneration {unknown}
 i - a potion of agility {unknown}
 k - a potion of heal wounds {unknown}
 m - a potion of cancellation {unknown}
 o - a potion of invisibility {unknown}
 q - a potion of lignification {unknown}
 s - a potion of resistance {unknown}
 z - a potion of berserk rage {unknown}
Comestibles
 d - 12 rations
 x - a chunk of flesh


   Skills:
 + Level 5.2 Fighting
 + Level 5.0 Armour
 - Level 4.0 Dodging
 - Level 3.2 Unarmed Combat
 - Level 2.0 Spellcasting
 * Level 6.3 Transmutations
 + Level 1.8 Invocations
 * Level 3.1 Evocations


You had 4 spell levels left.
You knew the following spells:

 Your Spells              Type           Power        Failure   Level  Hunger
a - Beastly Appendage     Tmut           ###...       3%          1    #......
b - Sticks to Snakes      Tmut           ###.....     4%          2    ###....
c - Blade Hands           Tmut           ###.......   65%         5    ######.

Your spell library contained the following spells:

 Spells                   Type           Power        Failure   Level  Hunger
 Passwall                 Tmut/Erth      ##......     17%         2    ###....
 Spider Form              Tmut/Pois      ##........   34%         3    ###....
 Swiftness                Chrm/Air       #.......     54%         2    ###....
 Ice Form                 Ice/Tmut       ##......     75%         4    #####..
 Passage of Golubria      Tloc           N/A          99%         4    #####..
 Lee's Rapid Deconstruct  Erth           #.........   100%        5    ######.
 Darkness                 Hex            #.........   100%        6    #######
 Invisibility             Hex            #.......     100%        6    #######


Dungeon Overview and Level Annotations

Branches:
Dungeon (7/15)             Temple (1/1) D:5

Altars:
Ashenzari
Cheibriados
Dithmenos
Elyvilon
Fedhas
Gozag
Hepliaklqana
Kikubaaqudgha
Makhleb
Nemelex Xobeh
Okawaru
Qazlal
Ru
Sif Muna
Trog
Uskayaw
Vehumet
Wu Jian
Xom
Yredelemnul
Zin
The Shining One

Annotations:
D:6 exclusion: downstairs


Innate Abilities, Weirdness & Mutations

You have a beak for a mouth.
You have claws for feet.
You can fly.


Message History

* * * LOW HITPOINT WARNING * * *
The killer bee stings you but does no damage.
* * * LOW HITPOINT WARNING * * *
You feel sick.
The killer bee stings you but does no damage.
You feel better. The killer bee barely misses you. The killer bee stings you.
* * * LOW HITPOINT WARNING * * *
You are poisoned.
The killer bee poisons you!
You sock the killer bee! You burn the killer bee.
Your kick misses the killer bee.
The killer bee is severely wounded.
You feel sick. The killer bee closely misses you. The killer bee stings you.
* * * LOW HITPOINT WARNING * * *
You block the killer bee's attack.
You hit the killer bee. You freeze the killer bee. You claw the killer bee.
You kill the killer bee!
Makhleb accepts your kill.
You feel sick. Something stings you.
You die...

#.#. ##.#.# ...
#.#. .#.#.# #(#
### #.#.##.#.#.#
#.# #..
#.#.<#.#.#†# #.#
#.# #.#..#.#.#.#
#.# #.#
###.#.##.#.#.#.#
#.# #.#
#..........#.#.#
#.# #.#
###.#.#.####.#.#
#.####.#
#.#.#..@†....#
#>...... #
#.########.#
####.#.# #.. #.#
#.#.# ### #.#
#.#.# #.# #.#.#
#.# #.#.#
#.#.#####.#.#
.#..........
........#.#


There were no monsters in sight!

Vanquished Creatures
  A sky beast (D:6)
  2 phantoms
  2 ice beasts
  2 ogres (D:5)
  A centaur (D:7)
  2 bullfrogs
  4 killer bees (D:7)
  3 howler monkeys
  A centaur skeleton (D:6)
  A hound (D:5)
  4 orc wizards
  Crazy Yiuf (D:4)
  3 orc priests
  A bullfrog skeleton (D:5)
  4 worker ants
  Natasha (twice) (D:4)
  An iguana (D:5)
  A hound zombie (D:7)
  A hound skeleton (D:4)
  A worker ant zombie (D:6)
  2 gnolls
  6 adders
  An ooze (D:5)
  4 worms
  A dart slug (D:2)
  2 leopard geckos
  22 orcs
  3 ball pythons
  7 giant cockroaches
  5 goblins
  5 hobgoblins
  A quokka (D:4)
  10 bats
  3 frilled lizards
  A jackal zombie (D:7)
  10 kobolds
  A quokka zombie (D:5)
  7 rats
129 creatures vanquished.

Vanquished Creatures (collateral kills)
  A scorpion (D:7)
  Natasha (D:4)
2 creatures vanquished.

Vanquished Creatures (others)
  A kobold (D:2)
1 creature vanquished.

Grand Total: 132 creatures vanquished

Notes
Turn   | Place    | Note
-------+----------+-------------------------------------------
     0 | D:1      | zishaf the Tengu Transmuter began the quest for the Orb.
     0 | D:1      | Reached XP level 1. HP: 12/12 MP: 4/4
   216 | D:1      | Reached XP level 2. HP: 14/16 MP: 6/6
   220 | D:1      | Reached skill level 2 in Transmutations
   891 | D:2      | Reached XP level 3. HP: 15/20 MP: 7/7
   909 | D:2      | Learned a level 2 spell: Sticks to Snakes
  1320 | D:2      | Noticed an ice beast
  1701 | D:2      | Reached XP level 4. HP: 20/26 MP: 8/8
  1777 | D:2      | Found a shadowy altar of Dithmenos.
  3031 | D:4      | Reached skill level 1 in Armour
  3031 | D:4      | Reached skill level 3 in Transmutations
  3031 | D:4      | Gained mutation: You can fly. [Tengu growth]
  3031 | D:4      | Reached XP level 5. HP: 21/30 MP: 9/9
  3560 | D:4      | Learned a level 5 spell: Blade Hands
  3606 | D:4      | Noticed Natasha
  3618 | D:4      | Killed Natasha
  3788 | D:4      | Found a runed door.
  3862 | D:4      | Noticed Natasha
  3875 | D:4      | Killed Natasha
  3988 | D:4      | Noticed Natasha
  4000 | D:4      | Killed Natasha
  4092 | D:4      | Noticed Crazy Yiuf
  4109 | D:4      | Killed Crazy Yiuf
  4109 | D:4      | Reached XP level 6. HP: 36/36 MP: 0/10
  4235 | D:5      | Entered Level 5 of the Dungeon
  4244 | D:5      | Noticed a phantom
  4254 | D:5      | Killed a phantom
  4436 | D:5      | Reached skill level 4 in Transmutations
  4733 | D:5      | Found a staircase to the Ecumenical Temple.
  4739 | Temple   | Entered the Ecumenical Temple
  4833 | Temple   | Became a worshipper of Makhleb the Destroyer
  4923 | D:5      | Reached XP level 7. HP: 41/41 MP: 11/11
  5421 | D:5      | HP: 1/41 [ogre/cursed -3 giant club (14)]
  5748 | D:5      | Got a crude ring mail
  5764 | D:5      | Identified the +1 ring mail "Imu Kext" {rElec} (You found
                  | it on level 5 of the Dungeon)
  5851 | D:5      | HP: 1/41 [ice beast (10)]
  6287 | D:5      | Reached skill level 5 in Transmutations
  6996 | D:6      | Found an iron altar of Okawaru.
  7005 | D:6      | Reached XP level 8. HP: 23/48 MP: 12/12
  7583 | D:6      | Found a hide-covered altar of Uskayaw.
  7887 | D:7      | Found a glowing golden altar of the Shining One.
  7969 | D:6      | Reached skill level 1 in Evocations
  8286 | D:7      | Reached skill level 1 in Invocations
  8290 | D:7      | Reached skill level 6 in Transmutations
  8614 | D:7      | Reached skill level 5 in Fighting
  8707 | D:7      | Reached XP level 9. HP: 38/54 MP: 13/13
  8871 | D:7      | Reached skill level 5 in Armour
  8973 | D:7      | Reached * piety under Makhleb
  8987 | D:7      | Slain by a killer bee

Vault maps used:
D:1:      psy_arrival_conway
D:2:      nicolae_dithmenos_shadow_blocks
D:3:      minmay_starry_boxes
D:4:      first_ration, uniq_natasha, uniq_crazy_yiuf_cottage
D:5:      minmay_temple_entry_enclosed_plants
D:6:      kennysheep_mini, okawaru_metal_pillars_1_2
D:7:      basic_altar
Temple:   regret_index_temple_sigil_plot

Skill      XL: |  1  2  3  4  5  6  7  8  9 |
---------------+----------------------------+-----
Transmutations | 2 3 4 5 6 |  6.3
Fighting       | 2 3 4 5 |  5.2
Dodging        | 3 4 |  4.0
Armour         | 1 2 3 4 5 |  5.0
Evocations     | 2 3 |  3.1
Invocations    | 1 |  1.8
Unarmed Combat | |  3.2
Spellcasting   | |  2.0

Action                   |  1- 3 |  4- 6 |  7- 9 || total
-------------------------+-------+-------+-------++-------
Melee: Unarmed           |   115 |   130 |       ||   245
       Peck              |    16 |    22 |    26 ||    64
       Kick              |    15 |    37 |    45 ||    97
       Punch             |     1 |     2 |       ||     3
       Headbutt          |       |     1 |       ||     1
       Quarterstaff      |       |    24 |   185 ||   209
Throw: Tomahawk          |    15 |     5 |       ||    20
 Cast: Sticks to Snakes  |       |     9 |     3 ||    12
       Beastly Appendage |       |     1 |       ||     1
 Abil: Fly               |       |       |     1 ||     1
  Use: Potion            |       |       |     2 ||     2
 Stab: Confused          |       |     1 |     2 ||     3
  Eat: Chunk             |     3 |     7 |     7 ||    17
       Ration            |       |     1 |     2 ||     3
Armor: Leather armour    |    29 |    22 |       ||    51
       Ring mail         |       |     4 |    77 ||    81
Dodge: Dodged            |    69 |    57 |   108 ||   234
Block: Other             |    28 |    45 |    61 ||   134
       Reflection        |     1 |       |     1 ||     2

Table legend:
 A = Non-vault XP
 B = Vault XP
 C = Vault XP percentage of total XP
 D = Non-vault monster count
 E = Vault monster count
 F = Vault count percentage of total count
                 A         B        C        D         E       F
            +---------+---------+-------+---------+---------+-------
      Total |    2566 |      75 |   2.8 |     127 |       5 |   3.8
            +---------+---------+-------+---------+---------+-------
        D:1 |      29 |       0 |   0.0 |      17 |       0 |   0.0
        D:2 |      87 |       0 |   0.0 |      30 |       0 |   0.0
        D:3 |      31 |       8 |  20.5 |       9 |       3 |  25.0
        D:4 |     267 |      67 |  20.1 |      12 |       2 |  14.3
        D:5 |     748 |       0 |   0.0 |      20 |       0 |   0.0
        D:6 |     483 |       0 |   0.0 |      12 |       0 |   0.0
        D:7 |     921 |       0 |   0.0 |      27 |       0 |   0.0
            +---------+---------+-------+---------+---------+-------
